 Dungeon Crawl Stone Soup version 0.27.1 (webtiles) character file.

Game seed: 6890941557311655396

37 Malachi the Skirmisher (level 3, -1/29 HPs)
             Began as a Demonspawn Monk on Aug 25, 2021.
             Slain by an orc (7 damage)
             ... on level 1 of the Dungeon.
             The game lasted 00:01:36 (1383 turns).

Malachi the Skirmisher (Demonspawn Monk)            Turns: 1383, Time: 00:01:37

Health: -1/29      AC:  3    Str: 12    XL:     3   Next: 23%
Magic:  3/3        EV: 13    Int: 11    God:
Gold:   44         SH:  0    Dex: 15    Spells: 2/2 levels left

rFire    . . .     SeeInvis .   a - +0 spear
rCold    . . .     Faith    .   (no shield)
rNeg     . . .     Spirit   .   b - +0 robe
rPois    .         Reflect  .   g - +0 helmet
rElec    .         Harm     .   (no cloak)
rCorr    +         Rampage  .   (no gloves)
Will     .....                  (no boots)
Stlth    ++........             (no amulet)
HPRegen  0.09/turn              f - ring of resist corrosion
MPRegen  0.08/turn              (no ring)

@: no status effects
A: hooves 1, powered by death 1
a: no special abilities


You were on level 1 of the Dungeon.
You visited 1 branch of the dungeon, and saw 2 of its levels.

You collected 44 gold pieces.

Inventory:

Hand Weapons
 a - a +0 spear (weapon)
Armour
 b - a +0 robe (worn)
 g - a +0 helmet (worn)
Jewellery
 f - a ring of resist corrosion (left hand)
Scrolls
 e - a scroll of fear {unknown}
Potions
 c - a potion of curing {unknown}
 d - 2 potions of heal wounds {unknown}


   Skills:
 * Level 3.4 Fighting
 - Level 3.1 Polearms
 + Level 3.0 Dodging
 + Level 2.0 Stealth
 * Level 0.3 Unarmed Combat


You had 2 spell levels left.
You didn't know any spells.
Your spell library was empty.

Dungeon Overview and Level Annotations

Branches:
Dungeon (2/15)

Altars:


Innate Abilities, Weirdness & Mutations

You have large cloven feet.
You regenerate a little health from kills.


Message History

You are too injured to fight recklessly!
There is a stone staircase leading up here.
The orc completely misses you.
You climb upwards.
There is a stone staircase leading down here.
Unknown command.
You barely miss the orc. Your kick misses the orc.
The orc is severely wounded.
The orc barely misses you.
You hit the orc.
You kill the orc!
No target in view!
No target in view!
You start resting.
HP restored.
You start waiting.
Done waiting.
You climb downwards.
The orc barely misses you.
There is a stone staircase leading up here.
Unknown command.
The orc barely misses you.
You climb upwards.
There is a stone staircase leading down here.
Unknown command.
You climb downwards.
The orc hits you with a +0 war axe!
The orc hits you from afar with a +0 trident!
There is a stone staircase leading up, spattered with blood here.
Unknown command.
You are too injured to fight recklessly!
You are too injured to fight recklessly!
You are too injured to fight recklessly!
The orc hits you with a +0 war axe!
* * * LOW HITPOINT WARNING * * *
The orc closely misses you.
You climb upwards.
There is a stone staircase leading down here.
Unknown command.
The orc closely misses you. The orc hits you with a +0 war axe!
You die...

##.#.########.#..#
#..#.#........#..# ######
##.##.#.########..#
.....###..##.#........#.##
####.....###.########.#.#
# #....#...#............#
..########.######.#######
≈≈.# #.....# #..# ≈^.#
#.##### ##@## ..##
#.########o.# ###
####........## ##
##..##...##### #
##..#§#...# ####..§.#...##
.#8#..§.'....#######
.'.§..§.'.........>#
.#8#....'........).#


You could see an orc.

Vanquished Creatures
  3 dart slugs (D:1)
  An orc (D:1)
  3 ball pythons (D:1)
  5 bats
  2 endoplasms (D:1)
  A giant cockroach (D:1)
  A goblin (D:1)
  3 hobgoblins
  2 jackals (D:1)
  2 kobolds (D:1)
  6 rats
29 creatures vanquished.

Vanquished Creatures (others)
  A plant (D:1)
1 creature vanquished.

Grand Total: 30 creatures vanquished

Notes
Turn   | Place    | Note
-------+----------+-------------------------------------------
     0 | D:1      | Malachi the Demonspawn Monk began the quest for the Orb.
     0 | D:1      | Reached XP level 1. HP: 18/18 MP: 1/1
    93 | D:1      | Gained mutation: You have large cloven feet. [demonic
                  | ancestry]
    93 | D:1      | Reached XP level 2. HP: 14/24 MP: 2/2
   350 | D:1      | Found a faded altar of an unknown god.
   647 | D:1      | Gained mutation: You regenerate a little health from kills.
                  | [demonic ancestry]
   647 | D:1      | Reached XP level 3. HP: 29/29 MP: 3/3
  1383 | D:1      | Slain by an orc

Illustrated notes

Levels and vault maps discovered:
D:1:      shiori_arrival_elements, layout_rooms,
          shapermc_ecumenical_altar_mp_urbaneastern, roderic_serpentine_path,
          minivault_27
D:2:      layout_loops_cross, hex_large

Skill      XL: |  1  2 |
---------------+-------+-----
Polearms       | 3 |  3.1
Stealth        | 2 |  2.0
Dodging        | 3 |  3.0
Fighting       | |  3.4
Unarmed Combat | |  0.3

Action                   || total
-------------------------++-------
Melee: Spear             ||    78
       Kick              ||    11
 Stab: Sleeping          ||     6
Armor: Robe              ||    16
Dodge: Dodged            ||    40
